 Dungeon Crawl Stone Soup version 0.24.0-13-gcf9b3192b9 (webtiles) character file.

Game seed: 16366108738883232462, levelgen mode: deterministic

489 Curus the Poker (level 6, -1/51 HPs)
             Began as a Draconian Berserker on Nov 9, 2019.
             Was a Priest of Trog.
             Slain by a gnoll
             ... wielding a +0 spear
              (6 damage)
             ... on level 4 of the Dungeon.
             The game lasted 00:09:59 (2073 turns).

Curus the Poker (Draconian Berserker)               Turns: 2073, Time: 00:10:00

Health: -1/51      AC:  6    Str: 19    XL:     6   Next: 90%
Magic:  6/6        EV: 13    Int: 13    God:    Trog [***...]
Gold:   153        SH:  0    Dex: 12    Spells: 5/5 levels left

rFire    . . .     SeeInvis .   a - +2 spear
rCold    . . .     Gourm    .   (no shield)
rNeg     . . .     Faith    .   (armour unavailable)
rPois    .         Spirit   .   (helmet restricted)
rElec    .         Reflect  .   (no cloak)
rCorr    .         Harm     .   (no gloves)
MR       .....                  (no boots)
Stlth    +.........             e - amulet of regeneration
HPRegen  0.57/turn              (no ring)
MPRegen  0.10/turn              (no ring)

@: brilliant, berserk cooldown, slowed, very slow
A: unfitting armour, cold-blooded, AC +6
a: Berserk, Trog's Hand, Renounce Religion


You were on level 4 of the Dungeon.
You worshipped Trog.
Trog was most pleased with you.
You were not hungry.

You visited 1 branch of the dungeon, and saw 4 of its levels.

You collected 153 gold pieces.

Inventory:

Hand Weapons
 a - a +2 spear (weapon)
Jewellery
 e - an amulet of regeneration (around neck)
 h - an uncursed amulet of inaccuracy
Scrolls
 c - 5 scrolls of identify
 d - 2 scrolls of remove curse
Potions
 f - a potion of agility
 g - a potion of berserk rage
Comestibles
 b - 6 rations


   Skills:
 - Level 3.2 Fighting
 + Level 7.9 Polearms
 - Level 2.6 Dodging


You had 5 spell levels left.
You didn't know any spells.
Your spell library was empty.

Dungeon Overview and Level Annotations

Branches:
Dungeon (4/15)
 Temple: D:4-7

Altars:


Innate Abilities, Weirdness & Mutations

Your plain brown scales are hard. (AC +6)
You cannot fit into any form of body armour.
You are cold-blooded and may be slowed by cold attacks.


Message History

You feel yourself slow down.
A gnoll comes into view. It is wielding a +0 club.
The gnoll shouts!
A gnoll comes into view. It is wielding a +0 spear.
Things that are here:
a +0 flail; a gnoll corpse Unknown command.
You hit the gnoll. You tail-slap the gnoll.
The gnoll is heavily wounded.
The gnoll hits you but does no damage. The gnoll hits you with a +0 club.
* * * LOW HITPOINT WARNING * * *
You hit the gnoll.
The gnoll is severely wounded.
The gnoll closely misses you.
You barely miss the gnoll.
The gnoll is severely wounded.
The gnoll hits you with a +0 club.
* * * LOW HITPOINT WARNING * * *
The gnoll hits you from afar with a +0 spear.
You die...

..... ..... # ....
.# #..# .#
+####+######..##..##
..............g.....
....................
............@g#
...........)..#
.......<..##..#
.<##..##..##..# ##
#).##..# ...#...#
....#...# .....#...#
..#.... ..#


You could see 2 gnolls.

Vanquished Creatures
  Sigmund (D:2)
  Edmund (D:4)
  An orc priest (D:3)
  A hound (D:4)
  A howler monkey zombie (D:3)
  A gnoll (D:4)
  4 adders
  A worm (D:2)
  3 dart slugs
  4 leopard geckos
  8 orcs (D:3)
  A ball python (D:3)
  6 giant cockroaches
  11 goblins
  7 hobgoblins
  3 quokkas
  6 bats
  4 frilled lizards
  13 kobolds
  6 rats
83 creatures vanquished.

Notes
Turn   | Place    | Note
-------+----------+-------------------------------------------
     0 | D:1      | Curus the Draconian Berserker began the quest for the Orb.
     0 | D:1      | Reached XP level 1. HP: 19/19 MP: 1/1
   110 | D:1      | Reached XP level 2. HP: 26/26 MP: 2/2
   222 | D:1      | Reached skill level 4 in Polearms
   455 | D:1      | Reached XP level 3. HP: 31/31 MP: 3/3
   685 | D:2      | Reached ** piety under Trog
  1078 | D:2      | Reached XP level 4. HP: 38/38 MP: 4/4
  1089 | D:2      | Noticed Sigmund
  1107 | D:2      | Killed Sigmund
  1107 | D:2      | Reached skill level 6 in Polearms
  1107 | D:2      | Reached XP level 5. HP: 33/45 MP: 5/5
  1308 | D:3      | Reached XP level 6. HP: 37/51 MP: 6/6
  1654 | D:3      | Reached skill level 7 in Polearms
  1706 | D:3      | Reached *** piety under Trog
  2036 | D:4      | Noticed Edmund
  2055 | D:4      | Killed Edmund
  2073 | D:4      | Slain by a gnoll

Levels and vault maps discovered:
D:1:      matt_arrival_grand_opening, layout_loops_ring
D:2:      layout_basic, first_ration, kennysheep_generic_room_12, uniq_sigmund
D:3:      layout_loops_ring
D:4:      layout_gridville, serial_shops, shop, kennysheep_orc_chapel,
          uniq_pikel, uniq_edmund

Skill      XL: |  1  2  3  4  5  6 |
---------------+-------------------+-----
Polearms       | 4 6 7 |  7.9
Fighting       | |  3.2
Dodging        | |  2.6

Action                   |  1- 3 |  4- 6 || total
-------------------------+-------+-------++-------
Melee: Spear             |   123 |   188 ||   311
       Tailslap          |     8 |    21 ||    29
Invok: Berserk           |       |     2 ||     2
  Use: Scroll            |     3 |     3 ||     6
       Potion            |     1 |     2 ||     3
 Stab: Sleeping          |     1 |     1 ||     2
  Eat: Chunk             |       |     4 ||     4
       Ration            |       |     1 ||     1
Armor: Skin              |    24 |    21 ||    45
Dodge: Dodged            |    45 |    81 ||   126
